cohdb
Replays
Latest Replays
All Replays
Popular Replays
Top Player Replays
Match Explorer
How It Works
Community
CoH3 Stats
Reddit
Sign in to upload your games and track your stats! →
Sign in with Steam
Match 38323481
Unlisted
Match 38323481
Overview
Messages
Build Orders
End
Royal Engineer Section
Construct Section Command Post
Infantry Section
Vickers Machine Gun Team
Selects Indian Artillery Battlegroup
Grenade Package
Infantry Section
Infantry Section
Construct Platoon Command Post
Selects Valour
Humber Armored Car
Unlock M3 Stuart Light Tanks
M3 Stuart Light Tank
Selects Gurkha Rifles Section
6-pounder Anti-tank Gun Team
M3 Stuart Light Tank
Selects Pillage
6-pounder Anti-tank Gun Team
BIOHAZARD
Rampa
0
0
Comments
sign in to comment!
No comments posted yet!